 Dungeon Crawl Stone Soup version 0.31-a0-986-g5e6e4ef867 (webtiles) character file.

Game seed: 4704793018334503482

88 strifetoe the Chopper (level 4, -1/39 HPs)
             Began as a Minotaur Monk on Nov 18, 2023.
             Slain by a goblin
             ... wielding a +0 club
             ... led by Robin
              (6 damage)
             ... on level 1 of the Dungeon.
             The game lasted 00:01:55 (880 turns).

strifetoe the Chopper (Minotaur Monk)                Turns: 880, Time: 00:01:55

Health: -1/39      AC:  2    Str: 18    XL:     4   Next: 29%
Magic:  3/3        EV: 12    Int:  7    God:
Gold:   67         SH:  3    Dex: 12    Spells: 3/3 levels left

rFire   . . .        a - +0 hand axe
rCold   . . .        f - +0 buckler
rNeg    . . .        b - +0 robe
rPois   .            (helmet restricted)
rElec   .            (no cloak)
rCorr   .            (no gloves)
SInv    .            (no boots)
Will    .....        (no amulet)
Stlth   +            (no ring)
HPRegen 0.26/turn    (no ring)
MPRegen 0.08/turn

%: no passive effects
@: lethally poisoned (-1 -> -6)
A: horns 2, retaliatory headbutt
a: no special abilities


You were on level 1 of the Dungeon.
You visited 1 branch of the dungeon, and saw 2 of its levels.

You collected 67 gold pieces.

Inventory:

Hand Weapons
 a - a +0 hand axe (weapon)
Armour
 b - a +0 robe (worn)
 d - an orb of light
 f - a +0 buckler (worn)
Wands
 j - a wand of flame (20)
Scrolls
 c - a scroll of identify {unknown}
 e - a scroll of teleportation {unknown}
 g - a scroll of brand weapon {unknown}
 i - a scroll of butterflies {unknown}


   Skills:
 - Level 3.6 Fighting
 + Level 6.2 Axes
 - Level 3.2 Dodging


You had 3 spell levels left.
You didn't know any spells.
Your spell library was empty.

Dungeon Overview and Level Annotations

Branches:
Dungeon (2/15)

Altars:

Annotations:
D:2 Robin


Innate Abilities, Weirdness & Mutations

You have a pair of horns on your head.
You reflexively headbutt those who attack you in melee.


Message History

You miss the goblin.
You feel very sick. The goblin hits you with a +0 club.
The hobgoblin completely misses you.
Robin roars a battlecry!
The goblins go into a battle-frenzy!
You hit the hobgoblin. Your headbutt misses the hobgoblin.
The hobgoblin is moderately wounded.
You hit the goblin.
You feel sick. The goblin closely misses you.
Robin hits you from afar with a +1 trident of venom!
* * * LOW HITPOINT WARNING * * *
You are too injured to fight recklessly!
Unknown command.
You are too injured to fight recklessly!
Unknown command.
It was a potion of heal wounds.
You feel much better.
You feel sick. The hobgoblin barely misses you. You furiously retaliate!
You headbutt the hobgoblin.
You kill the hobgoblin!
The goblin hits you with a +0 club.
Robin hits you from afar with a +1 trident of venom.
You are lethally poisoned!
You feel very sick. Robin attacks as they pursue you! Robin barely misses you.
You see here a +0 dagger.
You feel very sick. The goblin misses you. You furiously retaliate!
You headbutt the goblin.
You kill the goblin!
Robin throws the goblin at you!
There is a stone staircase leading up here.
* * * LOW HITPOINT WARNING * * *
You feel very sick. The goblin barely misses you.
You block the goblin's attack.
You climb upwards.
* * * LOW HITPOINT WARNING * * *
You feel very sick.
There is a stone staircase leading down here.
You barely miss the goblin. x2
* * * LOW HITPOINT WARNING * * *
You feel sick. The goblin hits you with a +0 club.
You die...

####### ##### #.....## ########
#...# #......# #....... # #...#
##...~..# #....... #
#...##########...~⌠~.###....... #
#...)........g...~~............ #
#.....########@................ #
#...#.###......g...............
###...#..#..###..................
.##...##...## #..................
..########..# #..................
#..# ##..###...........(......
##.# #.....##.............####
##.# ###.###.#..............# #.#
#...# #..>#######.##...# ##


You could see 2 goblins.

Vanquished Creatures
  Crazy Yiuf (D:2)
  3 dart slugs
  2 bats (D:2)
  5 endoplasms
  3 giant cockroaches (D:1)
  11 goblins
  4 hobgoblins
  2 jackals (D:1)
  3 quokkas (D:1)
  3 ball pythons
  2 frilled lizards (D:1)
  6 kobolds
  2 rats
47 creatures vanquished.

Notes
Turn   | Place    | Note
-------+----------+-------------------------------------------
     0 | D:1      | strifetoe the Minotaur Monk began the quest for the Orb.
     0 | D:1      | Reached XP level 1. HP: 19/19 MP: 0/0
    81 | D:1      | Reached skill level 4 in Axes
   115 | D:1      | Reached XP level 2. HP: 26/26 MP: 1/1
   352 | D:1      | Reached skill level 5 in Axes
   393 | D:1      | Reached XP level 3. HP: 31/31 MP: 2/2
   784 | D:2      | Found a runed translucent door.
   785 | D:2      | Noticed Crazy Yiuf
   791 | D:2      | Killed Crazy Yiuf
   792 | D:2      | Reached skill level 6 in Axes
   792 | D:2      | Reached XP level 4. HP: 39/39 MP: 3/3
   865 | D:2      | Noticed Robin
   880 | D:1      | Slain by a goblin

Illustrated notes

Levels and vault maps discovered:
D:1:      orjb1_lava_funnel, layout_rooms, corexii_leaking_fountain
D:2:      layout_basic, shapermc_ecumenical_altar_acropolis,
          uniq_crazy_yiuf_cottage, uniq_robin

Skill      XL: |  1  2  3 |
---------------+----------+-----
Axes           | 4 5 6 |  6.2
Fighting       | |  3.6
Dodging        | |  3.2

Action                     |  1- 3 |  4- 6 || total
---------------------------+-------+-------++-------
  Melee: Hand axe          |    68 |    13 ||    81
         Headbutt          |    12 |     1 ||    13
    Use: Potion            |     1 |     1 ||     2
 Armour: Robe              |    38 |    20 ||    58
  Dodge: Dodged            |    49 |    15 ||    64
  Block: Buckler           |     4 |     2 ||     6

Table legend: (Time is in decaauts)
 A = Elapsed time spent in this place.
 B = Non-inter-level travel time spent in this place.
 C = Inter-level travel time spent in this place.
 D = Time resting spent in this place.
 E = Time spent auto-exploring this place.
 F = Levels seen in this place.
 G = Mean time per level.
                   A        B        C        D        E       F      G
               +--------+--------+--------+--------+--------+-----+--------+
         Total |    888 |    868 |     20 |     32 |    566 |   2 |  444.0 |
       Dungeon |    888 |    868 |     20 |     32 |    566 |   2 |  444.0 |
               +--------+--------+--------+--------+--------+-----+--------+

Top non-repeatable levels by time:
     D:1: 600 daAuts
     D:2: 287 daAuts
